 Dungeon Crawl Stone Soup version 0.30-a0-222-ge547ba4400 (webtiles) character file.

Game seed: 3882010126541646281

120 Morbidden the Ruffian (level 4, 0/91 HPs)
             Began as a Troll Transmuter on Oct 8, 2022.
             Succumbed to a killer bee's poison
             ... on level 4 of the Dungeon.
             The game lasted 00:02:23 (1095 turns).

Morbidden the Ruffian (Troll Transmuter)            Turns: 1095, Time: 00:02:24

Health: 0/91       AC: 22    Str: 18    XL:     4   Next: 75%
Magic:  4/5        EV:  1    Int: 11    God:
Gold:   97         SH:  0    Dex: 10    Spells: 5/6 levels left

rFire   . . .      SeeInvis .      - Unarmed
rCold   . . .      Faith    .    (no shield)
rNeg    . . .      Spirit   .    (body armour currently unavailable)
rPois   +          Reflect  .    (helmet currently unavailable)
rElec   .          Harm     .    (cloak currently unavailable)
rCorr   .          Rampage  .    (gloves unavailable)
Will    .....      NoTele   +    (boots unavailable)
Stlth   ..........               (no amulet)
HPRegen 1.15/turn                e - ring of flight
MPRegen 0.09/turn                (no ring)

@: berserking, lethally poisoned (0 -> -5), tree-form, very quick
A: stationary, stasis, torment immunity, boosted hp, large, unfitting armour,
(claws 3), regeneration 1, (shaggy fur 1), (tough skin 1)
a: no special abilities


You were on level 4 of the Dungeon.
You were a tree.
You visited 1 branch of the dungeon, and saw 3 of its levels.

You collected 97 gold pieces.

Inventory:

Missiles
 l - 2 javelins
Armour
 a - a +0 robe (melded)
Jewellery
 e - a ring of flight (left branch)
Wands
 k - a wand of flame (17)
Scrolls
 c - a scroll of identify
Potions
 f - a potion of haste
 g - a potion of heal wounds {unknown}
 h - a potion of attraction {unknown}
 i - a potion of might {unknown}
 j - a potion of mutation {unknown}


   Skills:
 * Level 1.3 Fighting
 * Level 2.1 Dodging
 * Level 4.4 Unarmed Combat
 * Level 1.6 Spellcasting
 * Level 1.7 Transmutations


You had 5 spell levels left.
You knew the following spells:

 Your Spells              Type           Power      Damage    Failure   Level
a - Beastly Appendage     Tmut           8%         N/A       16%         1

Your spell library contained the following spells:

 Spells                   Type           Power      Damage    Failure   Level
 Wereblood                Tmut           4%         N/A       22%         2
 Spider Form              Tmut/Pois      2%         N/A       54%         3
 Ice Form                 Ice/Tmut       2%         N/A       91%         4
 Manifold Assault         Tloc           0%         N/A       97%         4
 Dispersal                Tloc           0%         N/A       100%        6
 Disjunction              Tloc           0%         N/A       100%        8


Dungeon Overview and Level Annotations

Branches:
Dungeon (2/15)

Altars:

Shops:
D:4 =


Innate Abilities, Weirdness & Mutations

You are a tree.
Your roots penetrate the ground, keeping you stationary.
You cannot be teleported.
You are immune to unholy pain and torment.
Your maximum health is greatly increased.
Your equipment is partially melded.
You are too large for most types of armour.
((You have claws for hands.))
Your natural rate of healing is unusually fast.
((You are covered in fur. (AC +1)))
((You have tough skin. (AC +1)))


Message History

The killer bee stings you. The killer bee stings you!
You are more poisoned.
The killer bee poisons you!
The killer bee attacks as you move away!
The killer bee barely misses you.
Your transformation is almost over.
You feel very sick. The killer bee barely misses you.
Unknown command.
You miss the killer bee.
You feel very sick. The killer bee stings you!
You claw the killer bee! Your kick misses the killer bee.
Your headbutt misses the killer bee.
The killer bee is heavily wounded.
You feel sick. The killer bee stings you.
* * * LOW HITPOINT WARNING * * *
The killer bee stings you.
* * * LOW HITPOINT WARNING * * *
You are lethally poisoned!
The killer bee poisons you!
Really quaff the potion of lignification?
Your horns disappear.
Your talons disappear.
You turn into a tree.
Your +0 robe melds into your body.
Your roots penetrate the ground.
* * * LOW HITPOINT WARNING * * *
You feel very sick.
The killer bee stings you but does no damage. x2
Unknown command.
It was a potion of berserk rage.
A red film seems to cover your vision as you go berserk!
You feel yourself moving faster!
You feel mighty!
* * * LOW HITPOINT WARNING * * *
You feel very sick.
The killer bee stings you but does no damage. x2
Unknown command.
You are too berserk!
You miss the killer bee.
The killer bee is heavily wounded.
You die...

#...## .. ##.## #..# #.#
# #..#############.#
##.## #................#
#.....##.......###.######
..... ...##.##.# #.#
...#.##y##.##.###.#
.......yy♣.....##.#
#.#.##y##.##..##.#
#....##.##..##.#
###.........##.#
#.....###.##.# #######
#.# ######## ..# ........
### ######## #


You could see 4 killer bees.

Vanquished Creatures
  A scorpion (D:4)
  An adder (D:2)
  An ufetubus (D:4)
  A dart slug (D:4)
  2 orcs
  A ball python (D:1)
  4 endoplasms
  6 giant cockroaches
  7 goblins
  3 hobgoblins
  3 kobolds
  A bat (D:1)
  2 frilled lizards
  3 rats (D:1)
36 creatures vanquished.

Vanquished Creatures (others)
  16 plants (D:1)
16 creatures vanquished.

Grand Total: 52 creatures vanquished

Notes
Turn   | Place    | Note
-------+----------+-------------------------------------------
     0 | D:1      | Morbidden the Troll Transmuter began the quest for the Orb.
     0 | D:1      | Reached XP level 1. HP: 18/18 MP: 1/1
    93 | D:1      | Reached XP level 2. HP: 26/26 MP: 2/2
   341 | D:1      | Reached skill level 1 in Fighting
   660 | D:2      | Reached XP level 3. HP: 33/33 MP: 4/4
   865 | D:2      | You are sucked into a shaft and drop 2 floors!
   872 | D:4      | Found Pawig's Jewellery Shop.
   919 | D:4      | Reached skill level 4 in Unarmed Combat
  1055 | D:4      | Noticed a scorpion
  1062 | D:4      | Killed a scorpion
  1063 | D:4      | Reached XP level 4. HP: 41/41 MP: 5/5
  1093 | D:4      | HP: 2/61 [poisoned by a killer bee]
  1095 | D:4      | Succumbed to a killer bee's poison

Illustrated notes

Levels and vault maps discovered:
D:1:      tarquinn_simple_flora_water_a, layout_rooms, wad_woods_river_04
D:2:      minmay_inner_zag, layout_loops_ring, uniq_sigmund
D:4:      cheibrodos_old_hovel, layout_loops_ring, serial_shops,
          nicolae_stop_n_shop_1, shop_fountains, shop

Skill      XL: |  1  2  3 |
---------------+----------+-----
Fighting       | 1 |  1.3
Unarmed Combat | 4 |  4.4
Dodging        | 2 |  2.1
Spellcasting   | |  1.6
Transmutations | |  1.7

Action                   |  1- 3 |  4- 6 || total
-------------------------+-------+-------++-------
Melee: Unarmed           |   150 |     3 ||   153
       Punch             |     6 |       ||     6
 Cast: Beastly Appendage |       |     1 ||     1
  Use: Scroll            |     2 |       ||     2
       Potion            |       |     2 ||     2
Armor: Robe              |    30 |       ||    30
       Skin              |       |     4 ||     4
Dodge: Dodged            |    43 |     2 ||    45

Table legend: (Time is in decaauts)
 A = Elapsed time spent in this place.
 B = Non-inter-level travel time spent in this place.
 C = Inter-level travel time spent in this place.
 D = Time resting spent in this place.
 E = Time spent auto-exploring this place.
 F = Levels seen in this place.
 G = Mean time per level.
                   A        B        C        D        E       F      G
               +--------+--------+--------+--------+--------+-----+--------+
         Total |   1083 |    998 |     85 |      0 |    650 |   3 |  361.0 |
       Dungeon |   1083 |    998 |     85 |      0 |    650 |   3 |  361.0 |
               +--------+--------+--------+--------+--------+-----+--------+

Top non-repeatable levels by time:
     D:1: 581 daAuts
     D:2: 275 daAuts
     D:4: 227 daAuts
